AoeStats
← BN27

Arabia

510272033Analyzed
1v1 RM · 3d ago on Sep 30, 2026· 44m 16s· 2 players
Game mode
Random Map
Map size
Tiny (2 player)
Population
200
Speed
Normal
Resources
Standard
Victory
Conquest
Starting age
Dark Age
Ending age
Imperial Age
RankedLock teamsTeams togetherTeam positionsShared explorationLock speedFull tech treeHidden civsTurbo modeCheats
Victory
Defeat
🇹🇼 Teutons · Taiwan
2066
+4
🇩🇪 Chinese · Germany
1728
-4
SSS66618
6:28 Loom
8:44 Feudal Age
8:51 Man-at-Arms
13:48 Fletching
18:39 Wheelbarrow
19:30 Double-Bit Axe
22:59 Castle Age
21:09 Horse Collar
22:27 Padded Archer Armor
22:46 Scale Barding Armor
22:43 Gold Mining
23:38 Bodkin Arrow
23:08 Crossbowman
26:08 Bloodlines
27:33 Chain Barding Armor
28:20 Bow Saw
30:00 Ballistics
31:00 Forging
32:42 Iron Casting
34:40 Heavy Plow
36:30 Padded Archer Armor
36:33 Town Watch
37:17 Devotion
40:59 Imperial Age
38:54 Stone Mining
42:42 Two-Man Saw
42:19 Plate Barding Armor
41:09 Cavalier
41:23 Capped Ram
43:03 Siege Engineers
44:33 Blast Furnace
44:42 Ironclad
44:43 Conscription
BN27
0:42 Loom
9:09 Feudal Age
11:39 Double-Bit Axe
13:50 Horse Collar
15:55 Padded Archer Armor
15:48 Fletching
16:44 Padded Archer Armor
17:47 Wheelbarrow
22:17 Castle Age
22:02 Gold Mining
23:26 Bow Saw
23:21 Heavy Plow
23:25 Bodkin Arrow
23:40 Stone Mining
27:29 Sanctity
32:37 Town Watch
36:07 Leather Archer Armor
36:33 Masonry
38:40 Fortified Wall
39:39 Ballistics
39:15 Murder Holes
41:30 Gold Shaft Mining
45:28 Imperial Age
44:02 Hand Cart
Connection lost

Rejoining the realm…

Still unreachable

The connection could not be restored.

Session expired

The server has moved on; the page needs a fresh start.